 Dungeon Crawl Stone Soup version 0.18.1-50-g88ac8fd (webtiles) character file.

310 Gargoyl the Covered (level 6, -6/48 HPs)
             Began as a Demonspawn Abyssal Knight on Oct 3, 2016.
             Was an Elder of Lugonu.
             Mangled by a gnoll
             ... wielding a +0 halberd
              (11 damage)
             ... on level 3 of the Dungeon.
             The game lasted 00:08:30 (4517 turns).

Gargoyl the Covered (Demonspawn Abyssal Knight)     Turns: 4517, Time: 00:08:31

Health: -6/48      AC:  9    Str: 14    XL:     6   Next: 17%
Magic:  8/8        EV:  8    Int: 14    God:    Lugonu [****..]
Gold:   163        SH:  0    Dex: 16    Spells: 0 memorised, 5 levels left

rFire  . . .     SeeInvis .     f - +1 hand axe of Action {freeze, Dex+4}
rCold  . . .     Gourm    .     d - +0 chain mail
rNeg   . . .     Faith    .     (no shield)
rPois  .         Spirit   .     (helmet restricted)
rElec  .         Dismiss  .     (no cloak)
rCorr  .         Reflect  .     (no gloves)
SustAt .         Harm     .     (no boots)
MR     .....                    (no amulet)
Stlth  ..........               (no ring)
                                (no ring)

@: lethally poisoned (-6 -> -24), not resistant to hostile enchantments,
extremely unstealthy
A: antennae 2, sturdy frame 1
a: Depart the Abyss, Bend Space, Banish, Corrupt, Renounce Religion


You were on level 3 of the Dungeon.
You worshipped Lugonu.
Lugonu was greatly pleased with you.
You were not hungry.

You visited 1 branch of the dungeon, and saw 3 of its levels.
You visited the Abyss 1 time.

You collected 163 gold pieces.

Inventory:

Hand Weapons
 a - a +1 hand axe
 f - the +1 hand axe of Action (weapon) {freeze, Dex+4}
   (You found it on level 3 of the Abyss)

   It has been specially enchanted to freeze those struck by it, causing extra
   injury to most foes and up to half again as much damage against particularly
   susceptible opponents.
   It can also slow down cold-blooded creatures.
   It affects your dexterity (+4).
Armour
 d - a +0 chain mail (worn)
Scrolls
 e - a scroll of immolation {unknown}
 g - a scroll of enchant armour {unknown}
 h - a scroll of remove curse {unknown}
 i - a scroll of enchant weapon {unknown}
 k - a scroll of noise {unknown}
 l - a scroll of amnesia {unknown}
 m - a scroll of teleportation {unknown}
 n - 2 scrolls of identify {unknown}
 o - a scroll of blinking {unknown}
 p - a scroll of recharging {unknown}
 q - a scroll of random uselessness {unknown}
Comestibles
 b - a chunk of flesh
 c - 2 bread rations
 j - 3 meat rations
 s - a beef jerky


   Skills:
 + Level 3.8 Fighting
 + Level 3.1 Axes
 * Level 4.1 Armour
 + Level 1.3 Dodging
 * Level 3.9 Invocations


You had 5 spell levels left.
You didn't know any spells.

Dungeon Overview and Level Annotations

Branches:
Dungeon (3/15)

Altars:
The Shining One


Innate Abilities, Weirdness & Mutations

You have a pair of antennae on your head.
Your movements are slightly less encumbered by armour (ER -2).


Message History

Unknown command.
Unknown command.
* * * LOW HITPOINT WARNING * * *
You feel sick. The kobold barely misses you. The gnoll barely misses you.
You see here a club.
* * * LOW HITPOINT WARNING * * *
You feel sick.
The kobold unwields an uncursed dagger.
The kobold wields an uncursed blowgun.
The kobold shoots a poisoned needle.
The poisoned needle barely misses you.
You see here a poisoned needle.
Unknown command.
* * * LOW HITPOINT WARNING * * *
You feel sick. The gnoll misses you.
The kobold shoots a poisoned needle.
The poisoned needle hits you!
You are more poisoned.
You see here a poisoned needle.
* * * LOW HITPOINT WARNING * * *
You feel sick.
The gnoll hits you from afar with a halberd!
You die...

≈≈≈≈≈≈≈≈≈≈≈≈≈....K)≈≈≈≈≈≈≈≈≈≈≈≈≈≈
≈≈≈≈.≈..≈≈≈.≈≈....(≈≈.≈≈..≈≈≈..≈≈
.................................
.....................(((.........
#######.####.###.##...(...####...
#### #.##.......#####(#### ##.#
...# #...............(# ###...
...# #..#..K#.######### ##.#.##
...# #......)((@# ####.#..##
...#####.#####g#.## #.........
.....# #..##..#.#. #.......#
#...# #.......#. #.......# #...#
####....#.
#.......#######...#########.##.#.


You could see a gnoll and a kobold.

Vanquished Creatures
  Robin (D:2)
  9 gnolls
  4 adders
  2 worms
  2 dart slugs (D:1)
  5 orcs (D:3)
  5 bats
  4 giant cockroaches
  46 goblins
  31 hobgoblins
  10 jackals
  7 kobolds
  A ball python (D:2)
  4 giant newts
  10 rats
141 creatures vanquished.

Notes
Turn   | Place    | Note
--------------------------------------------------------------
     0 | Abyss:1  | Gargoyl the Demonspawn Abyssal Knight began the quest for the Orb.
     0 | Abyss:1  | Reached XP level 1. HP: 18/18 MP: 2/2
    83 | Abyss:1  | Found a corrupted altar of Lugonu.
    90 | Abyss:1  | Noticed a wight
    92 | Abyss:1  | Noticed a wight
    92 | Abyss:1  | Found a corrupted altar of Lugonu.
    93 | Abyss:1  | Noticed a wight
    95 | Abyss:1  | Noticed a wight
   138 | Abyss:3  | Found a corrupted altar of Lugonu.
   153 | Abyss:3  | Got a bloodstained hand axe
   154 | Abyss:3  | Identified the +1 hand axe of Action {freeze, Dex+4} (You found it on level 3 of the Abyss)
   160 | Abyss:3  | Noticed a neqoxec
   160 | D:1      | Escaped the Abyss
   261 | D:1      | Reached skill level 1 in Dodging
   297 | D:1      | Reached * piety under Lugonu
   297 | D:1      | Reached skill level 2 in Armour
   318 | D:1      | Gained mutation: You have a pair of small antennae on your head. [demonic ancestry]
   318 | D:1      | Reached XP level 2. HP: 21/24 MP: 3/3
   630 | D:1      | Reached XP level 3. HP: 25/29 MP: 3/5
   989 | D:2      | Reached ** piety under Lugonu
  1047 | D:2      | Noticed Robin
  1721 | D:2      | Reached XP level 4. HP: 30/35 MP: 6/6
  2039 | D:2      | Killed Robin
  2183 | D:2      | Reached skill level 3 in Armour
  2202 | D:2      | Found a glowing golden altar of the Shining One.
  2769 | D:3      | Gained mutation: You have a pair of antennae on your head. [demonic ancestry]
  2769 | D:3      | Reached XP level 5. HP: 9/41 MP: 7/7
  2771 | D:3      | HP: 2/41 [gnoll/club (3)]
  3077 | D:3      | Reached *** piety under Lugonu
  3525 | D:3      | Reached **** piety under Lugonu
  3536 | D:3      | Reached skill level 4 in Armour
  3684 | D:3      | Gained mutation: Your movements are slightly less encumbered by armour (ER -2). [demonic ancestry]
  3684 | D:3      | Reached XP level 6. HP: 31/48 MP: 8/8
  4517 | D:3      | Mangled by a gnoll

Skill      XL: |  1  2  3  4  5 |
---------------+----------------+-----
Dodging        | 1 |  1.3
Axes           | 2 3 |  3.1
Armour         | 2 3 4 |  4.1
Invocations    | 3 |  3.9
Fighting       | |  3.8

Action                   |  1- 3 |  4- 6 || total
-------------------------+-------+-------++-------
Melee: Hand axe          |   135 |   209 ||   344
Invok: Depart the Abyss  |     1 |       ||     1
  Use: Potion            |     2 |     1 ||     3
  Eat: Chunk             |     2 |    10 ||    12
Armor: Chain mail        |    86 |   177 ||   263
Dodge: Dodged            |    36 |   106 ||   142
